 Dungeon Crawl Stone Soup version 0.29.0-11-gd7f09526c8 (webtiles) character file.

Game seed: 12374586691414999076

345 SnakkuSnakku7 the Sneak (level 6, 0/64 HPs)
             Began as a Human Delver on Sept 6, 2022.
             Succumbed to a scorpion's poison
             ... on level 4 of the Dungeon on Sept 7, 2022.
             The game lasted 00:05:13 (3045 turns).

SnakkuSnakku7 the Sneak (Human Delver)              Turns: 3045, Time: 00:05:13

Health: 0/64       AC: 23    Str: 17    XL:     6   Next: 89%
Magic:  6/6        EV:  2    Int: 10    God:
Gold:   139        SH:  0    Dex: 15    Spells: 5/5 levels left

rFire   . . .      SeeInvis .   a - +9 lajatang of Cowardice {elec, Str+3}
rCold   . . .      Faith    .   (shield currently unavailable)
rNeg    . . .      Spirit   .   (body armour currently unavailable)
rPois   +          Reflect  .   (helmet currently unavailable)
rElec   .          Harm     .   (cloak currently unavailable)
rCorr   .          Rampage  .   (gloves currently unavailable)
Will    .....      NoTele   +   (boots currently unavailable)
Stlth   +++.......              (no amulet)
HPRegen 0.20/turn               p - ring of wizardry
MPRegen 0.10/turn               (no ring)

@: lethally poisoned (0 -> -13), tree-form
A: stationary, stasis, torment immunity, boosted hp, (hooves 1), frail 1,
inability to drink after injury 1
a: no special abilities


You were on level 4 of the Dungeon.
You were a tree.
You visited 1 branch of the dungeon, and saw 5 of its levels.

You collected 139 gold pieces.

Inventory:

Hand Weapons
 a - the +9 lajatang of Cowardice (weapon) {elec, Str+3}
   (You found it on level 4 of the Dungeon)

   It occasionally discharges a powerful burst of electricity upon striking a
   foe.
   Str:       It affects your strength (+3).
 h - a +4 quarterstaff
 l - a +0 spear
 s - a +2 whip of electrocution
Armour
 b - a +0 leather armour
 d - a +0 helmet (melded)
 j - a +0 cloak (melded)
 o - a +0 ring mail (melded)
Jewellery
 p - a ring of wizardry (left branch)
 r - a ring of ice
Wands
 g - a wand of digging (2)
Scrolls
 c - a scroll of fog
 e - a scroll of brand weapon {unknown}
 i - 8 scrolls of identify {unknown}
 k - 2 scrolls of enchant weapon {unknown}
 m - a scroll of blinking {unknown}
 n - 2 scrolls of magic mapping
 q - 4 scrolls of amnesia {unknown}
Potions
 f - a potion of haste


   Skills:
 - Level 3.8 Fighting
 - Level 4.9(5.3) Maces & Flails
 - Level 2.0(2.7) Polearms
 + Level 2.8(4.5) Staves
 - Level 2.0 Dodging
 - Level 5.0 Stealth


You had 5 spell levels left.
You didn't know any spells.
Your spell library contained the following spells:

 Spells                   Type           Power      Damage    Failure   Level
 Magic Dart               Conj           0%         1d3       16%         1
 Searing Ray              Conj           0%         2d4       22%         2
 Gell's Gravitas          Tloc           0%         N/A       41%         3
 Lesser Beckoning         Tloc           0%         N/A       41%         3
 Teleport Other           Tloc           0%         N/A       41%         3
 Fulminant Prism          Conj/Hex       0%         3d6       80%         4


Dungeon Overview and Level Annotations

Branches:
Dungeon (5/15)
 Temple: D:4-7

Altars:
Dithmenos


Innate Abilities, Weirdness & Mutations

You are a tree.
Your roots penetrate the ground, keeping you stationary.
You cannot be teleported.
You are immune to unholy pain and torment.
Your maximum health is greatly increased.
Your equipment is partially melded.
((You have large cloven feet.))
You are frail. (-10% HP)
You occasionally lose the ability to drink potions when taking damage.


Message History

The gnoll is almost dead.
The gnoll hits you with a +0 flail. The gnoll hits you with a +0 whip.
The gnoll hits you with a +0 flail!
You slice the gnoll!! Lightning courses through the gnoll!!
You kill the gnoll!
The gnoll hits you with a +0 whip. The gnoll hits you but does no damage.
You slice the gnoll!!
You kill the gnoll!
The gnoll completely misses you.
You completely miss the gnoll. You kick the gnoll.
The gnoll is moderately wounded.
The gnoll hits you but does no damage.
You barely miss the gnoll. You kick the gnoll, but do no damage.
The gnoll is moderately wounded.
The gnoll hits you with a +0 flail.
You are too injured to fight recklessly!
You are too injured to fight recklessly!
You are too injured to fight recklessly!
You slash the gnoll! Your kick misses the gnoll.
The gnoll is almost dead.
The gnoll hits you with a +0 flail. The scorpion misses you.
The gnoll barely misses you.
You closely miss the gnoll. You kick the gnoll, but do no damage.
The gnoll is almost dead.
The scorpion stings you.
* * * LOW HITPOINT WARNING * * *
The gnoll hits you with a +0 flail.
* * * LOW HITPOINT WARNING * * *
Unknown command.
You hit the gnoll.
The gnoll is almost dead.
The scorpion stings you.
* * * LOW HITPOINT WARNING * * *
You are lethally poisoned!
The scorpion poisons you! The gnoll completely misses you.
The scorpion closely misses you.
It was a potion of lignification.
You turn into a tree.
Your +0 cloak melds into your body.
Your +0 helmet melds into your body.
Your +0 ring mail melds into your body.
Your roots penetrate the ground.
You die...

.......... #.....# #...##
...#......#........####..###....#
..##...............####...#.....#
..........................#..####
..<.....#.................#>.#
........##.........#.........###
.......###........##...........#
.......# ......)sg###..........#
.......# .......♣...############
.............#......###8###
##........ ##............
###...... #.....#...... #..
####........... #....
........###8### #... ...#
...#.....# ###### #... ...
...###...###.#..# 8... .# .....
#..............## #...


You could see a scorpion and a gnoll.

Vanquished Creatures
  Sigmund (D:2)
  A scorpion (D:3)
  Robin (D:2)
  2 gnolls (D:4)
  2 adders
  2 worms (D:2)
  4 dart slugs
  4 ball pythons
  3 bats
  3 endoplasms
  4 giant cockroaches
  11 goblins
  6 hobgoblins
  4 jackals (D:1)
  6 kobolds
  A quokka (D:3)
  5 frilled lizards
  9 rats
69 creatures vanquished.

Notes
Turn   | Place    | Note
-------+----------+-------------------------------------------
     0 | D:5      | SnakkuSnakku7 the Human Delver began the quest for the Orb.
     0 | D:5      | Reached XP level 1. HP: 18/18 MP: 1/1
    24 | D:5      | Noticed an ogre
   191 | D:4      | Noticed a scorpion
   274 | D:4      | Found a shadowy altar of Dithmenos.
   401 | D:3      | Reached XP level 2. HP: 14/24 MP: 2/2
   499 | D:2      | HP: 1/24 [worm (10)]
  1321 | D:1      | Reached XP level 3. HP: 30/30 MP: 3/3
  1366 | D:1      | Reached skill level 1 in Staves
  1600 | D:2      | Noticed Robin
  1614 | D:2      | HP: 1/30 [goblin/+0 club[Robin] (3)]
  1617 | D:2      | Gained mutation: You are frail. (-10% HP) [potion of
                  | mutation]
  1617 | D:2      | Gained mutation: You occasionally lose the ability to drink
                  | potions when taking damage. [potion of mutation]
  1617 | D:2      | Gained mutation: You have large cloven feet. [potion of
                  | mutation]
  1633 | D:1      | Reached XP level 4. HP: 28/33 MP: 4/4
  1681 | D:2      | Killed Robin
  1993 | D:2      | Reached skill level 1 in Maces & Flails
  2011 | D:2      | Noticed Sigmund
  2026 | D:2      | Found a faded altar of an unknown god.
  2034 | D:2      | Killed Sigmund
  2035 | D:2      | Reached XP level 5. HP: 23/37 MP: 5/5
  2035 | D:2      | Reached XP level 6. HP: 27/43 MP: 6/6
  2814 | D:3      | Identified the +10 spear of Kouroed {spect, rN++ rCorr
                  | Dex-3}
  3018 | D:4      | Identified the +9 lajatang of Cowardice {elec, Str+3}
  3044 | D:4      | HP: 2/43 [scorpion (5)]
  3045 | D:4      | Succumbed to a scorpion's poison

Illustrated notes

Levels and vault maps discovered:
D:1:      saegor_arrival_under_anarchy, layout_basic
D:2:      layout_basic, nicolae_ecumenical_oubliette, uniq_sigmund, uniq_robin
D:3:      layout_rooms
D:4:      layout_cave_pools, nicolae_overflow_crystal_walls,
          corexii_hall_statues_l, hangedman_abyss_or_decor_lesser_grid
D:5:      lemuel_insect_pit, layout_basic, skrybe_limestone_x

Skill      XL: |  1  2  3  4 |
---------------+-------------+-----
Staves         | 2 |  2.8
Maces & Flails | 4 |  4.9
Fighting       | |  3.8
Polearms       | |  2.0
Dodging        | |  2.0
Stealth        | |  5.0

Action                   |  1- 3 |  4- 6 || total
-------------------------+-------+-------++-------
Melee: Spear             |    47 |       ||    47
       Quarterstaff      |    46 |     8 ||    54
       Whip              |       |    55 ||    55
       Kick              |       |    18 ||    18
       Lajatang          |       |     8 ||     8
Evoke: Wand              |     1 |       ||     1
  Use: Scroll            |     2 |       ||     2
       Potion            |     4 |     1 ||     5
 Stab: Sleeping          |     5 |    11 ||    16
Armor: Leather armour    |    11 |       ||    11
       Ring mail         |    19 |    19 ||    38
Dodge: Dodged            |    74 |    29 ||   103
